zoologist, lawful male human Archeologist -- -- --------.------------------ -- -...........<(.....................- -- -.. ---.((--- - - ---- |.....- --.).| ---....I---...-- ^ -..........(...- |.........I........| |.. ----.........-- | | -......---- ......-- .......- -...... |....... ----.... |..... |..... -----.- -- zoologist the Field Worker Experience level: 5 Strength: 14 Dexterity: 8 Constitution: 13 Intelligence: 14 Wisdom: 18 Charisma: 8 Health: 0(47) Energy: 37(37) Def: 1 Gold: 650 Moves: 2257 Dungeon seed: FGZjTM4_e1spc5jp Game ID: zoologist_1523332315 Your Inventory: Coins $ - 650 gold pieces Weapons a - a +2 bullwhip (alternate weapon; not wielded) Armor e - a cursed -1 leather jacket (being worn) n - an uncursed +0 fedora (being worn) N - an uncursed +0 cloak of displacement (being worn) Comestibles b - 6 uncursed food rations h - an uncursed tin of kobold meat i - an uncursed tin of jackal meat j - an uncursed slime mold l - an uncursed tin of newt meat u - 2 uncursed slime molds x - an uncursed partly eaten food ration B - an uncursed tin of hill orc meat J - an uncursed tin of gnome meat Scrolls I - an uncursed scroll of create monster Potions p - a potion of holy water E - an uncursed potion of restore ability Rings k - an uncursed ring of levitation Tools c - a +0 pick-axe (weapon in hand) d - a tinning kit (0:42) f - an uncursed sack g - a magic marker (0:43) C - an uncursed magic whistle G - a magic marker (0:36) K - an uncursed leather drum Gems q - an uncursed touchstone r - an uncursed worthless piece of green glass y - an uncursed luckstone z - an uncursed citrine stone L - an uncursed worthless piece of red glass M - an uncursed worthless piece of white glass Y - an uncursed worthless piece of orange glass Spells and supernatural/magical abilities: Name Level Category Fail Memory W - pray for help -- divine ? -- Your skills at the end: Fighting Skills Weapon Skills pick-axe [Basic] whip [Basic] Spellcasting Skills Final Attributes: You were piously aligned. You were displaced. You were stealthy. You were fast. You were lucky. You had extra luck. Bad luck did not time out for you. Good luck did not time out for you. You are dead. Vanquished creatures: 3 gnome lords a kitten a dwarf 2 hill orcs a werejackal 2 iguanas an acid blob 2 coyotes a large kobold 10 cave spiders 7 gnomes a gecko 8 jackals 2 foxes a kobold 2 sewer rats 4 grid bugs 3 lichens a kobold zombie 6 newts 59 creatures vanquished. Voluntary challenges: You were an atheist. You used a wielded weapon 92 times, starting on turn 132. You read items or engraved 13 times, starting on turn 548. You never genocided any monsters. You never polymorphed an object. You never changed form. You used no wishes. You never split a pudding. You wrote Elbereth's name 6 times, starting on turn 1150. You never violated your personal moral code. Dungeon overview: The Dungeons of Doom: levels 1 to 5 Level 1 a long staircase Level 2 Level 3 a delicatessen Level 4 stairs to The Gnomish Mines Level 5 a fountain, a sink The Gnomish Mines: levels 5 to 6 Level 5 stairs to The Dungeons of Doom Level 6 <- You were here History has recorded: On T:1 you entered the Dungeons of Doom to retrieve the Amulet of Yendor! On T:377 you advanced to experience level 2. On T:394 you reached level 2 of The Dungeons of Doom. On T:614 you reached level 3 of The Dungeons of Doom. On T:872 you advanced to experience level 3. On T:1031 you reached level 4 of The Dungeons of Doom. On T:1506 you reached level 5 of The Dungeons of Doom. On T:1607 you advanced to experience level 4. On T:1871 you reached level 1 of The Gnomish Mines. On T:2177 you reached level 2 of The Gnomish Mines. On T:2203 you advanced to experience level 5. Score breakdown: Gold: 650 ( 9570 points) Experience: 5 levels (11141 points) Exploration: 6 levels ( 12.77%) ( 9890 points) Discoveries: 16 items ( 5.37%) ( 6951 points) Valuables value: (no points given unless you survive) Artifact value: 0 ( 0 points) Variety of kills: 20 monsters ( 5.25%) ( 6873 points) Turncount: 2257 turns ( -179 points) Survival: died (score multiplied by 80%) Total score: 35396 Latest messages: You resume your meal. You finish eating the gnome corpse. There are a few objects here. M - a white gem. You see here a candle. L - a worthless piece of red glass. M - a worthless piece of white glass. You see here a candle. There are a few objects here. The gnome zaps a brass wand! The sleep ray hits you! It hits! You are hit! It hits! (7x) You die... The sack is empty. Final status: Goodbye zoologist the Archeologist, killed by a gnome, while sleeping... You died in The Gnomish Mines on dungeon level 6 with 35396 points, and 650 pieces of gold, after 2257 moves. You were level 5 with a maximum of 47 hit points when you died.